 Dungeon Crawl Stone Soup version 0.18.1-48-g4cf74bf (webtiles) character file.

573 tyranidshit the Skirmisher (level 7, -2/66 HPs)
             Began as a Deep Dwarf Necromancer on July 11, 2016.
             Was a Believer of Makhleb.
             Killed by divine providence
             ... invoked by an orc priest
              (11 damage)
             ... on level 5 of the Dungeon.
             The game lasted 00:18:36 (2502 turns).

tyranidshit the Skirmisher (Deep Dwarf Necromancer) Turns: 2502, Time: 00:18:37

Health: -2/66      AC:  4    Str: 12    XL:     7   Next: 12%
Magic:  0/13       EV: 12    Int: 19    God:    Makhleb [**....]
Gold:   96         SH:  0    Dex: 13    Spells: 2 memorised, 11 levels left

rFire  + . .     SeeInvis .     l - +0 halberd
rCold  . . .     Gourm    .     a - +0 robe
rNeg   . . .     Faith    .     (shield currently unavailable)
rPois  .         Spirit   .     (no helmet)
rElec  .         Dismiss  .     g - +1 cloak
rCorr  .         Reflect  .     (no gloves)
SustAt .         Harm     .     (no boots)
MR     +....                    (no amulet)
Stlth  ++........               (no ring)
                                (no ring)

@: non-regenerating, somewhat resistant to hostile enchantments, unstealthy
A: damage resistance, recharge devices, talons 1, clever 1, fire resistance 1,
sense surroundings 1, slow regeneration 3
a: Device Recharging, Minor Destruction, Renounce Religion


You were on level 5 of the Dungeon.
You worshipped Makhleb.
Makhleb was pleased with you.
You were hungry.

You visited 1 branch of the dungeon, and saw 5 of its levels.

You collected 193 gold pieces.
You spent 97 gold pieces at shops.

Inventory:

Hand Weapons
 l - a +0 halberd (weapon)
 m - a +0 quarterstaff
Missiles
 s - 8 poisoned needles
Armour
 a - a +0 robe (worn)
 g - a +1 cloak (worn)
Jewellery
 u - an uncursed ring of ice
Wands
 c - a wand of heal wounds (2/9)
 v - a wand of confusion (10/48)
Scrolls
 i - 2 scrolls of teleportation {unknown}
 j - a scroll of recharging
 n - 3 scrolls of magic mapping {unknown}
 t - 2 scrolls of identify
 y - 3 scrolls of remove curse
 z - a scroll of fog
Potions
 e - 4 potions of curing
 o - 3 potions of cancellation
 p - a potion of mutation
 q - a potion of degeneration
 w - a potion of flight {unknown}
 x - a potion of brilliance {unknown}
Books
 b - a book of Necromancy

   Spells                             Type                      Level
   a - Pain                           Necromancy                   1
   b - Animate Skeleton               Necromancy                   1
   c - Vampiric Draining              Necromancy                   3
   d - Regeneration                   Charms/Necromancy            3
   e - Animate Dead                   Necromancy                   4
   f - Control Undead                 Necromancy                   4
 r - a book of Cantrips

   Spells                             Type                      Level
   a - Corona                         Hexes                        1
   b - Animate Skeleton               Necromancy                   1
   c - Summon Small Mammal            Summoning                    1
   d - Apportation                    Translocation                1
Comestibles
 d - 4 bread rations
 f - 5 fruits
 h - a meat ration
 k - 2 beef jerkies


   Skills:
 + Level 4.8 Fighting
 - Level 2.1 Dodging
 - Level 2.4 Stealth
 + Level 4.7 Spellcasting
 - Level 4.3 Necromancy


You had 11 spell levels left.
You knew the following spells:

 Your Spells              Type           Power        Failure   Level  Hunger
a - Pain                  Necr           ###.         1%          1    None
b - Vampiric Draining     Necr           ###.......   8%          3    ###....


Dungeon Overview and Level Annotations

Branches:
Dungeon (5/15)
 Temple: D:4-7

Altars:
Makhleb
Vehumet
Xom

Shops:
D:4 ?

Annotations:
D:3 Grinder


Innate Abilities, Weirdness & Mutations

You are resistant to damage.
You can recharge devices by infusing magical energy.
You passively map a small area around you.
You do not regenerate naturally.
You have sharp toenails.
Your mind is acute. (Int +2)
Your flesh is heat resistant.


Message History

You closely miss the orc priest.
The orc priest is lightly wounded.
The orc priest calls down the wrath of Beogh upon you.
Beogh smites you!
* * * LOW HITPOINT WARNING * * *
You closely miss the orc priest. Your kick misses the orc priest.
The orc priest is lightly wounded.
The orc priest hits you with a mace.
* * * LOW HITPOINT WARNING * * *
You barely miss the orc priest. Your kick misses the orc priest.
The orc priest is lightly wounded.
The orc priest invokes the aid of Beogh against you.
You resist with significant effort. The orc priest hits you with a mace!
* * * LOW HITPOINT WARNING * * *
Your magical contamination has completely faded away.
Charge which item? (? for menu, Esc to quit)
Your wand of heal wounds (0/9) glows for a moment and now has 2 charges.
The orc priest mumbles some strange prayers to Beogh against you.
Beogh smites you!
You die...

.....## , ......#
......# ## ......# #.###
......# ##...## ,*
.....## #.....# .....#
##.....##*#####.. .....#
#.......##o......
....####........@).....#
................#.....%#
........>.......#......#
, * *
.########.......#.....##
, ## #####...#.....#
#####.....# .....# , *
?...## ,


You could see an orc priest.

Vanquished Creatures
  2 scorpions (D:4)
  2 crimson imps (D:5)
  A jelly (D:5)
  An orc priest (D:5)
  An iguana (D:4)
  2 orc wizards (D:3)
  Ijyb (D:3)
  Natasha (D:3)
  A worker ant (D:4)
  2 gnolls (D:1)
  10 adders
  2 dart slugs
  A worm (D:3)
  2 giant geckos
  7 orcs
  3 ball pythons
  2 giant cockroaches (D:1)
  9 hobgoblins
  4 jackals
  7 kobolds
  3 quokkas
  4 bats
  4 giant newts
  4 goblins
  5 rats
81 creatures vanquished.

Notes
Turn   | Place    | Note
--------------------------------------------------------------
     0 | D:1      | tyranidshit the Deep Dwarf Necromancer began the quest for the Orb.
     0 | D:1      | Reached XP level 1. HP: 15/15 MP: 3/3
   158 | D:1      | Reached skill level 1 in Fighting
   191 | D:1      | Reached XP level 2. HP: 20/25 MP: 3/5
   447 | D:1      | Gained mutation: Your flesh is heat resistant. [potion of mutation]
   447 | D:1      | Gained mutation: Your mind is acute. (Int +2) [potion of mutation]
   447 | D:1      | Gained mutation: You have sharp toenails. [potion of mutation]
   457 | D:1      | Reached XP level 3. HP: 18/31 MP: 0/6
   462 | D:1      | Learned a level 3 spell: Vampiric Draining
   797 | D:2      | Found a shimmering altar of Xom.
   824 | D:2      | Found a burning altar of Makhleb.
   829 | D:2      | Became a worshipper of Makhleb the Destroyer
   985 | D:2      | Found a radiant altar of Vehumet.
  1472 | D:3      | Reached XP level 4. HP: 36/40 MP: 2/8
  1526 | D:3      | Reached * piety under Makhleb
  1647 | D:3      | Noticed Ijyb
  1649 | D:3      | Noticed Natasha
  1671 | D:3      | Killed Ijyb
  1671 | D:3      | Reached XP level 5. HP: 27/49 MP: 1/9
  1691 | D:3      | Killed Natasha
  1779 | D:3      | Noticed Grinder
  1787 | D:3      | Paralysed by Grinder for 7 turns
  1823 | D:4      | Found Jujof's Magic Scroll Shop.
  1826 | D:4      | Bought a scroll of enchant armour for 97 gold pieces
  1938 | D:4      | Reached XP level 6. HP: 38/57 MP: 1/11
  2099 | D:4      | Reached ** piety under Makhleb
  2246 | D:5      | Entered Level 5 of the Dungeon
  2452 | D:5      | Reached XP level 7. HP: 30/66 MP: 13/13
  2502 | D:5      | Killed from afar by an orc priest

Skill      XL: |  1  2  3  4  5  6 |
---------------+-------------------+-----
Spellcasting   | 2 3 4 |  4.7
Fighting       | 1 2 3 4 |  4.8
Dodging        | |  2.1
Stealth        | |  2.4
Necromancy     | |  4.3

Action                   |  1- 3 |  4- 6 |  7- 9 || total
-------------------------+-------+-------+-------++-------
Melee: Hand axe          |    12 |       |       ||    12
       Halberd           |    25 |   140 |    15 ||   180
       Kick              |     3 |    30 |     2 ||    35
 Cast: Pain              |    44 |    24 |     4 ||    72
       Vampiric Draining |     9 |    24 |     3 ||    36
 Abil: Device Recharging |       |       |     1 ||     1
Evoke: Wand              |       |     3 |     2 ||     5
  Use: Potion            |     4 |     4 |       ||     8
       Scroll            |       |     6 |       ||     6
  Eat: Bread ration      |     1 |     1 |       ||     2
Armor: Robe              |    22 |    56 |     1 ||    79
Dodge: Dodged            |    44 |   147 |    17 ||   208
